 Dungeon Crawl Stone Soup version 0.26-a0-278-g3b0d5afba5 (webtiles) character file.

Game seed: 6296041837864089805

97 BritishOli the Skirmisher (level 4, -3/37 HPs)
             Began as a Demonspawn Fighter on July 12, 2020.
             Shot with an arrow by a centaur (9 damage)
             ... on level 3 of the Dungeon.
             The game lasted 00:01:18 (2894 turns).

BritishOli the Skirmisher (Demonspawn Fighter)      Turns: 2894, Time: 00:01:18

Health: -3/37      AC:  6    Str: 17    XL:     4   Next: 42%
Magic:  4/4        EV:  7    Int: 10    God:
Gold:   92         SH:  9    Dex: 12    Spells: 3/3 levels left

rFire    . . .     SeeInvis .   a - +0 long sword
rCold    . . .     Faith    .   c - +0 kite shield
rNeg     . . .     Spirit   .   b - +0 scale mail
rPois    .         Reflect  .   (helmet restricted)
rElec    .         Harm     .   (no cloak)
rCorr    .                      (no gloves)
MR       .....                  (no boots)
Stlth    ..........             (no amulet)
HPRegen  0.12/turn              (no ring)
MPRegen  0.09/turn              (no ring)

@: mighty
A: horns 1, powered by pain 2
a: no special abilities


You were on level 3 of the Dungeon.
You visited 1 branch of the dungeon, and saw 3 of its levels.

You collected 92 gold pieces.

Inventory:

Hand Weapons
 a - a +0 long sword (weapon)
Armour
 b - a +0 scale mail (worn)
 c - a +0 kite shield (worn)
Jewellery
 i - an uncursed ring of protection from fire {unknown}
Scrolls
 f - 3 scrolls of fog {unknown}
 j - a scroll of noise {unknown}
 l - a scroll of teleportation {unknown}
 m - 3 scrolls of identify {unknown}
 n - a scroll of immolation {unknown}
 p - a scroll of amnesia {unknown}
Potions
 d - a potion of might
 e - 2 potions of heal wounds {unknown}
 g - 2 potions of stabbing {unknown}
 h - 2 potions of curing {unknown}
 k - a potion of resistance {unknown}
 o - a potion of lignification {unknown}


   Skills:
 + Level 3.7 Fighting
 + Level 2.5 Long Blades
 + Level 3.3 Armour
 + Level 3.3 Shields


You had 3 spell levels left.
You didn't know any spells.
Your spell library was empty.

Dungeon Overview and Level Annotations

Branches:
Dungeon (3/15)

Altars:
Makhleb


Innate Abilities, Weirdness & Mutations

You have a pair of small horns on your head.
You sometimes gain power by taking damage.


Message History

The adder bites you but does no damage.
Your shield and scale mail prevent you from hitting the adder.
Your headbutt misses the adder.
The kobold throws a stone.
The stone hits you but does no damage. The adder bites you but does no damage.
You slash the adder!
The adder is heavily wounded.
The adder bites you.
* * * LOW HITPOINT WARNING * * *
You block the adder's attack. You block the kobold's attack.
You feel sick.
The kobold throws a stone.
You block the stone. The adder barely misses you.
You see here a stone.
The goblin completely misses you. You block the adder's attack.
You feel sick.
You are no longer poisoned.
You slash the adder!
You kill the adder!
The centaur shoots an arrow.
The arrow hits you!
You die...

.. ##......# ...
#.......... ....
##.#........
...<.###..#.###....
#.....##.# .#..
####..##)# #..
#...##.# ######.#.#
.. #....#@#.... #
#....#†#..... #.
#....#.#.#..... #..#
##)(cg........
##..(##.(.K...######
#......(#......#
#......(##.##..#
#...........#....
#.....#.....#.###.


You could see a centaur, a goblin and a kobold.

Vanquished Creatures
  6 adders
  2 worms (D:2)
  3 leopard geckos
  A ball python (D:2)
  6 goblins
  4 hobgoblins
  2 jackals (D:2)
  4 kobolds
  6 bats
  2 frilled lizards
36 creatures vanquished.

Notes
Turn   | Place    | Note
-------+----------+-------------------------------------------
     0 | D:1      | BritishOli the Demonspawn Fighter began the quest for the
                  | Orb.
     0 | D:1      | Reached XP level 1. HP: 18/18 MP: 1/1
   641 | D:1      | Gained mutation: You sometimes gain a little power by
                  | taking damage. [demonic ancestry]
   641 | D:1      | Reached XP level 2. HP: 24/24 MP: 2/2
  1050 | D:2      | Gained mutation: You have a pair of small horns on your
                  | head. [demonic ancestry]
  1050 | D:2      | Reached XP level 3. HP: 16/29 MP: 3/3
  2037 | D:2      | Gained mutation: You sometimes gain power by taking damage.
                  | [demonic ancestry]
  2037 | D:2      | Reached XP level 4. HP: 35/35 MP: 4/4
  2604 | D:2      | Found a burning altar of Makhleb.
  2881 | D:3      | Noticed a centaur
  2894 | D:3      | Shot with an arrow by a centaur

Illustrated notes

Levels and vault maps discovered:
D:1:      lemuel_arrival_funnel, layout_basic, serial_park_tiny_pond
D:2:      layout_basic, bloody_makhleb
D:3:      layout_rooms, dk_noncrumbling_3

Skill      XL: |  1  2 |
---------------+-------+-----
Long Blades    | 2 |  2.5
Armour         | 3 |  3.3
Shields        | 3 |  3.3
Fighting       | |  3.7

Action                   |  1- 3 |  4- 6 || total
-------------------------+-------+-------++-------
Melee: Long sword        |    92 |    42 ||   134
       Headbutt          |     7 |    12 ||    19
Armor: Scale mail        |    52 |    18 ||    70
Dodge: Dodged            |    17 |    15 ||    32
Block: Kite shield       |    47 |    25 ||    72
       Rpst.: Long sword |     3 |     3 ||     6

Table legend:
 A = Non-vault XP
 B = Vault XP
 C = Vault XP percentage of total XP
 D = Non-vault monster count
 E = Vault monster count
 F = Vault count percentage of total count
                 A         B        C        D         E       F
            +---------+---------+-------+---------+---------+-------
      Total |     139 |       0 |   0.0 |      36 |       0 |   0.0
            +---------+---------+-------+---------+---------+-------
        D:1 |      14 |       0 |   0.0 |       8 |       0 |   0.0
        D:2 |     106 |       0 |   0.0 |      25 |       0 |   0.0
        D:3 |      19 |       0 |   0.0 |       3 |       0 |   0.0
            +---------+---------+-------+---------+---------+-------
